 Dungeon Crawl Stone Soup version 0.29.1-1-gd02db6906a (webtiles) character file.

Game seed: 2238727156551636810

2476 xian the Cutter (level 9, 0/80 (85) HPs)
             Began as a Troll Brigand on Sept 22, 2022.
             Was a Follower of Fedhas.
             Slain by a yak (12 damage)
             ... on level 7 of the Dungeon.
             The game lasted 00:26:05 (6446 turns).

xian the Cutter (Troll Brigand)                     Turns: 6446, Time: 00:26:08

HP:   0/80 (85)     AC:  6    Str: 25    XL:     9   Next: 27%
MP:   0/8           EV: 12    Int:  7    God:    Fedhas [*.....]
Gold: 327           SH:  0    Dex: 17    Spells: 8/8 levels left

rFire   . . .      SeeInvis .   a - +2 dagger (flame)
rCold   + . .      Faith    .   (no shield)
rNeg    . . .      Spirit   +   b - +0 robe
rPois   .          Reflect  .   (helmet restricted)
rElec   .          Harm     .   c - +1 cloak
rCorr   .          Rampage  .   (gloves unavailable)
Will    .....                   (boots unavailable)
Stlth   ++........              k - amulet of guardian spirit
HPRegen 1.03/turn               g - ring of protection from cold
MPRegen 0.11/turn               v - +6 ring of dexterity

@: drained
A: large, unfitting armour, claws 3, regeneration 1, shaggy fur 1, tough skin 1
a: Renounce Religion


You were on level 7 of the Dungeon.
You worshipped Fedhas.
Fedhas was aware of your devotion.
You visited 1 branch of the dungeon, and saw 8 of its levels.
You also visited: Sewer and Ossuary.

You collected 327 gold pieces.

Inventory:

Hand Weapons
 a - a +2 dagger of flaming (weapon)
Missiles
 e - 3 curare-tipped darts
 h - 8 poisoned darts (quivered)
Armour
 b - a +0 robe (worn)
 c - a +1 cloak (worn)
 G - the +18 Lear's hauberk
   (You found it on level 6 of the Dungeon)
Magical Staves
 F - a staff of conjuration
Jewellery
 d - a +6 ring of intelligence
 g - a ring of protection from cold (left claw)
 k - an amulet of guardian spirit (around neck)
 v - a +6 ring of dexterity (right claw)
Wands
 m - a wand of polymorph (11)
 r - a wand of mindburst (18)
Scrolls
 f - 2 scrolls of poison
 p - 6 scrolls of teleportation
 w - 2 scrolls of fog
 x - a scroll of brand weapon
 y - a scroll of immolation
 A - a scroll of magic mapping
 B - 2 scrolls of vulnerability
 D - a scroll of summoning
 E - a scroll of identify
Potions
 j - 5 potions of curing
 l - 2 potions of magic
 n - a potion of might
 o - a potion of degeneration {unknown}
 q - 2 potions of mutation {unknown}
 s - 3 potions of attraction {unknown}
 t - 2 potions of lignification {unknown}
 u - 2 potions of haste
 z - a potion of cancellation {unknown}
 C - a potion of resistance


   Skills:
 + Level 4.4 Fighting
 + Level 5.6 Short Blades
 * Level 5.5 Throwing
 + Level 5.4 Dodging
 + Level 3.1 Stealth


You had 8 spell levels left.
You didn't know any spells.
Your spell library contained the following spells:

 Spells                   Type           Power      Damage    Failure   Level
 Blink                    Tloc           0%         N/A       56%         2
 Conjure Flame            Conj/Fire      0%         6-21      80%         3
 Ignite Poison            Fire/Tmut/Pois 0%         N/A       80%         3
 Lesser Beckoning         Tloc           0%         N/A       80%         3
 Ozocubu's Armour         Ice            0%         N/A       80%         3
 Stone Arrow              Conj/Erth      0%         3d7       80%         3
 Animate Armour           Summ/Erth      0%         N/A       99%         4
 Sticky Flame             Conj/Fire      0%         2d3       99%         4
 Manifold Assault         Tloc           0%         N/A       100%        5
 Ozocubu's Refrigeration  Ice            0%         4d7       100%        7
 Lehudib's Crystal Spear  Conj/Erth      0%         10d2      100%        8


Dungeon Overview and Level Annotations

Branches:
Dungeon (8/15)             Temple (0/1) D:7           Sewer (visited)
Ossuary (visited)
   Lair: D:8-11

Altars:
Fedhas
Gozag
Kikubaaqudgha
Wu Jian
Yredelemnul

Shops:
D:6 *

Annotations:
D:8 Blork the orc


Innate Abilities, Weirdness & Mutations

You are too large for most types of armour.
You have claws for hands.
Your natural rate of healing is unusually fast.
You are covered in fur. (AC +1)
You have tough skin. (AC +1)


Message History

The wight closely misses you. The yak barely misses you.
You hit the yak but do no damage.
The yak is heavily wounded.
The wight misses you. The yak gores you.
* * * LOW HITPOINT WARNING * * *
You hit the yak. You burn the yak. You claw the yak, but do no damage.
The yak is severely wounded.
You hit the yak but do no damage.
The yak is severely wounded.
The wight misses you. The yak gores you but does no damage.
You closely miss the yak.
The yak is severely wounded.
The wight barely misses you. The yak gores you.
* * * LOW HITPOINT WARNING * * *
You hit the yak but do no damage.
The yak is severely wounded.
The wight barely misses you. The yak barely misses you.
You completely miss the yak.
The yak is severely wounded.
You hit the yak. You burn the yak.
The yak is severely wounded.
The wight closely misses you. The yak barely misses you.
You hit the yak. You burn the yak.
The yak is severely wounded.
The wight hits you with a +1 battleaxe!
* * * LOW HITPOINT WARNING * * *
The yak gores you but does no damage.
You hit the yak but do no damage.
The yak is severely wounded.
The wight hits you with a +1 battleaxe.
* * * LOW HITPOINT WARNING * * *
The yak gores you.
* * * LOW HITPOINT WARNING * * *
You feel much better. The wight hits you with a +1 battleaxe!
* * * LOW HITPOINT WARNING * * *
You feel drained.
* * * LOW HITPOINT WARNING * * *
The yak gores you!
You die...
Fedhas appreciates your contribution to the ecosystem.

#### ...# ...###############
...............z@#
..........######Y###
.......##.######...#
.......##.#...)[...#########
........#)#.####...........#
........#.#.# #...........#
.......).)..# #...........#
....)<....#.# #...........#
........#.#.####...........#


You could see a yak and a wight.

Vanquished Creatures
  A yak (D:8)
  A water moccasin (D:6)
  Pargi (Sewer)
  2 ice beasts
  A sky beast (D:6)
  2 black bears
  A centaur (D:5)
  4 phantoms
  A kobold brigand (D:6)
  2 bullfrogs (D:6)
  A necrophage (D:6)
  A scorpion (D:5)
  4 wights
  2 centaur zombies (Ossuary)
  A hound (D:5)
  A human zombie (Ossuary)
  4 orc priests
  3 iguanas
  4 orc wizards
  A hound zombie (Ossuary)
  4 mummies
  10 adders
  A river rat (D:5)
  An ufetubus (D:5)
  4 adder zombies (Ossuary)
  5 worms
  4 dart slugs
  20 orcs
  10 endoplasms
  8 giant cockroaches
  5 goblins
  7 hobgoblins
  10 jackals
  A quokka (D:1)
  14 ball pythons
  3 bats
  8 frilled lizards
  2 gnoll zombies (Ossuary)
  A goblin zombie (Ossuary)
  2 hobgoblin zombies (Ossuary)
  3 jackal zombies (Ossuary)
  8 kobolds
  A kobold zombie (Ossuary)
  5 orc zombies (Ossuary)
  4 quokka zombies (Ossuary)
  14 rats
  8 rat zombies (Ossuary)
201 creatures vanquished.

Vanquished Creatures (others)
  A plant (D:6)
  3 withered plants (D:6)
4 creatures vanquished.

Grand Total: 205 creatures vanquished

Notes
Turn   | Place    | Note
-------+----------+-------------------------------------------
     0 | D:1      | xian the Troll Brigand began the quest for the Orb.
     0 | D:1      | Reached XP level 1. HP: 19/19 MP: 0/0
     1 | D:1      | Found a runed translucent door.
    34 | D:1      | Reached XP level 2. HP: 28/28 MP: 1/1
   233 | D:1      | Reached XP level 3. HP: 35/35 MP: 2/2
   319 | D:1      | You fall into a shaft and drop 1 floor!
   469 | D:2      | Reached skill level 1 in Dodging
   629 | D:2      | Found a faded altar of an unknown god.
  1139 | D:3      | Reached XP level 4. HP: 42/42 MP: 3/3
  2050 | D:4      | Noticed a black bear
  2055 | D:4      | Reached XP level 5. HP: 40/49 MP: 4/4
  2084 | D:3      | Killed a black bear
  2186 | D:4      | Reached XP level 6. HP: 27/59 MP: 5/5
  2321 | D:4      | Found a sand-covered staircase.
  2344 | Ossuary  | Entered an ossuary
  3355 | D:5      | Entered Level 5 of the Dungeon
  3436 | D:5      | Found a glowing drain.
  3510 | Sewer    | Entered a sewer
  3536 | Sewer    | Noticed Pargi
  3561 | Sewer    | Killed Pargi
  3562 | Sewer    | Reached XP level 7. HP: 51/66 MP: 2/6
  4254 | D:5      | Found an opulent altar of Gozag.
  4434 | D:5      | Found a basalt altar of Yredelemnul.
  4547 | D:6      | Found Zamid's Lightly-Used Armoury.
  4575 | D:6      | Reached XP level 8. HP: 59/75 MP: 5/7
  4584 | D:6      | Found an ancient bone altar of Kikubaaqudgha.
  4586 | D:6      | Found a blossoming altar of Fedhas.
  5048 | D:6      | Reached skill level 5 in Throwing
  5088 | D:6      | Found an ornate altar of the Wu Jian Council.
  5235 | D:6      | Became a worshipper of Fedhas Madash
  5279 | D:6      | Found the +18 Lear's hauberk
  5304 | D:6      | Identified the +0 chain mail of Wu Jian's Generosity {rPois
                  | Int+3}
  5395 | D:6      | Reached skill level 5 in Short Blades
  5601 | D:6      | Reached skill level 5 in Dodging
  5871 | D:7      | Reached XP level 9. HP: 83/84 MP: 8/8
  5890 | D:7      | Found a staircase to the Ecumenical Temple.
  5952 | D:7      | Reached * piety under Fedhas
  6425 | D:8      | Noticed Blork the orc
  6446 | D:7      | Slain by a yak

Illustrated notes

Levels and vault maps discovered:
D:1:      dpeg_arrival_caged_fury, layout_basic
D:2:      layout_basic, shapermc_ecumenical_altar_mp_urbaneastern
D:3:      layout_basic, minmay_misc_feat_iff
D:4:      layout_gridville, gup_ossuary_entry_pyramid
D:5:      layout_basic, mainiacjoe_overflow_brackets,
          mainiacjoe_overflow_surrounded_room, portal_sewer_entry_c
D:6:      nicolae_cairo_tiling_very_big, layout_cave_pools,
          grunt_temple_overflow_growth_and_decay, nicolae_wu_jian_glorious_leap,
          hex_medium, minmay_shop_damaged
D:7:      layout_basic, minmay_temple_entry_trees
D:8:      layout_basic, serial_shops, nicolae_shop_statue_plus, special_room
          [special_room_orc], dreamdust_princess_corridor, st_stairs_6,
          sword_in_stone

Skill      XL: |  1  2  3  4  5  6  7  8 |
---------------+-------------------------+-----
Throwing       | 2 3 4 5 |  5.5
Fighting       | 2 3 4 |  4.4
Short Blades   | 2 3 4 5 |  5.6
Dodging        | 1 2 3 5 |  5.4
Stealth        | 3 |  3.1

Action                   |  1- 3 |  4- 6 |  7- 9 || total
-------------------------+-------+-------+-------++-------
Melee: Dagger            |   142 |   452 |   580 ||  1174
       Punch             |     3 |     3 |    13 ||    19
Throw: Dart              |    21 |    27 |    30 ||    78
       Stone             |     3 |       |       ||     3
  Use: Scroll            |       |    11 |     7 ||    18
       Potion            |       |       |     7 ||     7
 Stab: Sleeping          |     4 |     3 |     2 ||     9
       Distracted        |       |       |     1 ||     1
Armor: Robe              |    50 |   222 |   284 ||   556
Dodge: Dodged            |    77 |   294 |   412 ||   783
